 Dungeon Crawl Stone Soup version 0.19.1 (webtiles) character file.

58 RaHiT the Magician (level 3, -1/24 HPs)
             Began as a Mummy Conjurer on Dec 25, 2016.
             Slain by an orc wizard
             ... wielding a +0 dagger
              (3 damage)
             ... on level 3 of the Dungeon.
             The game lasted 00:06:28 (1981 turns).

RaHiT the Magician (Mummy Conjurer)                 Turns: 1981, Time: 00:06:29

Health: -1/24      AC:  2    Str: 11    XL:     3   Next: 76%
Magic:  0/8        EV: 12    Int: 15    God:
Gold:   56         SH:  0    Dex: 12    Spells: 2 memorised, 6 levels left

rFire  x . .     SeeInvis .     c - +0 short sword
rCold  + . .     Gourm    .     a - +0 robe
rNeg   + + +     Faith    .     (no shield)
rPois  ∞         Spirit   .     (no helmet)
rElec  .         Reflect  .     (no cloak)
rCorr  .         Harm     .     (no gloves)
MR     .....                    (no boots)
Stlth  ++........               (no amulet)
                                (no ring)
                                (no ring)

@: no status effects
A: no food or potions, fire vulnerability, cold resistance 1, negative energy
resistance 3, torment resistance, unbreathing
a: no special abilities


You were on level 3 of the Dungeon.
You were not hungry.

You visited 1 branch of the dungeon, and saw 3 of its levels.

You collected 56 gold pieces.

Inventory:

Hand Weapons
 c - a +0 short sword (weapon)
Missiles
 d - 37 sling bullets
 f - 13 poisoned needles
Armour
 a - a +0 robe (worn)
Scrolls
 e - 3 scrolls of identify
 g - a scroll of blinking
 h - a scroll of amnesia {unknown}
Books
 b - a book of Conjurations

   Spells                             Type                      Level
   a - Magic Dart                     Conjuration                  1
   b - Searing Ray                    Conjuration                  2
   c - Dazzling Spray                 Conjuration/Hexes            3
   d - Fulminant Prism                Conjuration/Hexes            4
   e - Iskenderun's Mystic Blast      Conjuration                  4
   f - Iskenderun's Battlesphere      Conjuration/Charms           5


   Skills:
 - Level 1.5 Dodging
 - Level 1.5 Stealth
 + Level 3.8 Spellcasting
 - Level 3.2 Conjurations


You had 6 spell levels left.
You knew the following spells:

 Your Spells              Type           Power        Failure   Level  Hunger
a - Magic Dart            Conj           ##..         6%          1    N/A
q - Searing Ray           Conj           ##....       10%         2    N/A

Dungeon Overview and Level Annotations

Branches:
Dungeon (3/15)

Altars:
The Shining One


Innate Abilities, Weirdness & Mutations

You do not eat or drink.
Your flesh is vulnerable to fire.
You are immune to poison.
Your flesh is cold resistant. (rC+)
You are immune to negative energy. (rN+++)
You are immune to unholy pain and torment.
You can survive without breathing.


Message History

The orc priest hits you with a short sword.
The orc wizard points at you and mumbles some strange words.
The magic dart hits you!
* * * LOW HITPOINT WARNING * * *
The searing ray hits the orc priest.
The orc priest is heavily wounded.
The orc priest hits you with a short sword.
* * * LOW HITPOINT WARNING * * *
The orc wizard mumbles some strange words.
The orc wizard seems to speed up.
The searing ray misses the orc priest.
You finish channeling your searing ray.
The orc priest hits you with a short sword.
* * * LOW HITPOINT WARNING * * *
The orc wizard hits you with a dagger.
* * * LOW HITPOINT WARNING * * *
As you read the scroll labeled TIAMAI OLEWU, it crumbles to dust.
It is a scroll of identify.
g - a scroll of blinking The orc wizard barely misses you.
The orc wizard hits you with a dagger.
You die...

........................#.#
######......#...#######.#.#
#......#)### #.#.#
##...#.#.# #.#.# ##....#.#
#.#.# #....#.#########.#.##
##...)o.............#
#...#o#########.####
##..#@# #.#
#..#(#########.#
##.............#
.....>#########..# ######
#<# #..# #.# #..# #.# #..#
#.# #..# #.# #..#


You could see an orc priest and an orc wizard.

Vanquished Creatures
  2 worms
  3 dart slugs
  3 leopard geckos
  3 orcs (D:3)
  8 bats
  3 giant cockroaches
  A goblin (D:1)
  5 hobgoblins
  A quokka (D:2)
  3 frilled lizards
  3 kobolds
  4 rats
39 creatures vanquished.

Notes
Turn   | Place    | Note
-------+----------+-------------------------------------------
     0 | D:1      | RaHiT the Mummy Conjurer began the quest for the Orb.
     0 | D:1      | Reached XP level 1. HP: 13/13 MP: 3/3
   384 | D:1      | Reached XP level 2. HP: 19/19 MP: 1/5
   388 | D:1      | Learned a level 2 spell: Searing Ray
  1170 | D:2      | Reached XP level 3. HP: 18/24 MP: 3/7
  1539 | D:2      | Found a glowing golden altar of the Shining One.
  1981 | D:3      | Slain by an orc wizard

Skill      XL: |  1  2 |
---------------+-------+-----
Spellcasting   | 3 |  3.8
Dodging        | |  1.5
Stealth        | |  1.5
Conjurations   | |  3.2

Action                   || total
-------------------------++-------
Melee: Unarmed           ||     7
       Short sword       ||    57
 Cast: Magic Dart        ||    60
       Searing Ray       ||     7
  Use: Scroll            ||     1
Armor: Robe              ||    12
Dodge: Dodged            ||    52
